 Dungeon Crawl Stone Soup version 0.30-a0-881-g1ff12e1e11 (webtiles) character file.

Game seed: 17522474135237156360

20 hikkokomori the Digger (level 2, -7/23 HPs)
             Began as a Demigod Earth Elementalist on Mar 15, 2023.
             Mangled by Terence
             ... wielding a +0 flail
              (11 damage)
             ... on level 2 of the Dungeon.
             The game lasted 00:01:34 (632 turns).

hikkokomori the Digger (Demigod Earth Elementalist)  Turns: 632, Time: 00:01:35

Health: -7/23      AC:  2    Str:  9    XL:     2   Next: 42%
Magic:  0/7        EV: 12    Int: 17    God:
Gold:   56         SH:  0    Dex: 14    Spells: 3/4 levels left

rFire   . . .      SeeInvis .    n - +3 dagger
rCold   . . .      Faith    .    (no shield)
rNeg    . . .      Spirit   .    a - +0 robe
rPois   .          Reflect  .    (no helmet)
rElec   .          Rampage  .    (no cloak)
rCorr   .                        (no gloves)
Will    .....                    (no boots)
Stlth   ++                       o - amulet of regeneration
HPRegen 1.03/turn                (no ring)
MPRegen 0.10/turn                (no ring)

@: no status effects
A: high MP 1, forlorn, divine attributes
a: no special abilities


You were on level 2 of the Dungeon.
You visited 1 branch of the dungeon, and saw 2 of its levels.

You collected 56 gold pieces.

Inventory:

Hand Weapons
 f - a +0 war axe
 n - a +3 dagger (weapon)
Armour
 a - a +0 robe (worn)
Jewellery
 o - an amulet of regeneration (around neck)
Scrolls
 c - a scroll of vulnerability {unknown}
 g - a scroll of enchant armour {unknown}
 k - 2 scrolls of magic mapping {unknown}
 p - a scroll of teleportation {unknown}
Potions
 b - a potion of magic
 d - a potion of cancellation {unknown}
 e - 3 potions of curing {unknown}
 i - a potion of attraction {unknown}
 j - a potion of haste {unknown}
 l - a potion of brilliance {unknown}
 m - 3 potions of might {unknown}
 q - a potion of degeneration {unknown}
 r - a potion of heal wounds {unknown}


   Skills:
 + Level 1.0 Fighting
 - Level 1.7 Dodging
 + Level 2.2 Stealth
 - Level 1.7 Spellcasting
 - Level 0.8 Transmutations
 + Level 3.0 Earth Magic


You had 3 spell levels left.
You knew the following spells:

 Your Spells              Type           Power      Damage    Failure   Level
a - Sandblast             Erth           22%        2d7       5%          1

Your spell library contained the following spells:

 Spells                   Type           Power      Damage    Failure   Level
 Passwall                 Tmut/Erth      6%         N/A       14%         2
 Kiss of Death            Conj/Necr      4%         2d5       21%         1
 Stone Arrow              Conj/Erth      12%        3d7       32%         3
 Confusing Touch          Hex            1%         N/A       52%         3
 Petrify                  Tmut/Erth      8%         N/A       65%         4
 Dispel Undead            Necr           1%         3d6       89%         4


Dungeon Overview and Level Annotations

Branches:
Dungeon (2/15)

Annotations:
D:2 Terence


Innate Abilities, Weirdness & Mutations

You have an increased reservoir of magic. (+10% MP)
You shall have no god before yourself.
Your divine heritage dramatically boosts your attributes as you level up.


Message History

Aim: Terence, wielding a +0 flail and wearing a +0 scale mail (lightly wounded, 84% to hit)
The blast of sand hits Terence but does no damage.
Terence is lightly wounded.
Terence closely misses you.
Casting: Sandblast (safe; 5% risk of failure)
Confirm with . or Enter, or press ? or * to list all spells.
Aiming: Sandblast (safe; 5% risk of failure)
Press: ? - help, Shift-Dir - straight line, f/p - Terence
Aim: Terence, wielding a +0 flail and wearing a +0 scale mail (lightly wounded, 84% to hit)
The blast of sand hits Terence.
Terence is lightly wounded.
Terence misses you. Terence barely misses you.
Casting: Sandblast (safe; 5% risk of failure)
Confirm with . or Enter, or press ? or * to list all spells.
Aiming: Sandblast (safe; 5% risk of failure)
Press: ? - help, Shift-Dir - straight line, f/p - Terence
Aim: Terence, wielding a +0 flail and wearing a +0 scale mail (lightly wounded, 84% to hit)
The blast of sand hits Terence but does no damage.
Terence is lightly wounded.
The rat twitches its whiskers.
Terence hits you with a +0 flail!
You aren't carrying any items that you can evoke.
Unknown command.
Terence closely misses you.
Casting: Sandblast (safe; 5% risk of failure)
Confirm with . or Enter, or press ? or * to list all spells.
Aiming: Sandblast (safe; 5% risk of failure)
Press: ? - help, Shift-Dir - straight line, f/p - Terence
Aim: Terence, wielding a +0 flail and wearing a +0 scale mail (lightly wounded, 84% to hit)
The blast of sand hits Terence but does no damage.
Terence is lightly wounded.
Terence barely misses you. Terence hits you with a +0 flail!
Ouch! That really hurt!
* * * LOW HITPOINT WARNING * * *
As you read the scroll labelled QARAIMO FODO, it crumbles to dust.
It is a scroll of amnesia.
Really abort (and waste the scroll)?
Okay, then.
Terence hits you with a +0 flail!
You die...

.>#. ..#.####
..#....#
.##<...##########
.###............#
.+.#...###....#.#
.#.#...# #.##.#.#
.#†#...#
#.##.#.####
...#...#
#.##...@@r#
......##
#......##.#
####..#
#########.#
....).# ..... #.#
.###.## ......#.#
... ....@.'>#
##.# .....?#.#
#.# ....r.#.# ..#
..... #.#


You could see Terence and a rat.

Vanquished Creatures
  A worm (D:2)
  2 ball pythons (D:1)
  2 bats (D:2)
  2 endoplasms (D:1)
  A giant cockroach (D:2)
  2 hobgoblins (D:2)
  A kobold (D:1)
  4 goblins
  A rat (D:1)
16 creatures vanquished.

Notes
Turn   | Place    | Note
-------+----------+-------------------------------------------
     0 | D:1      | hikkokomori the Demigod Earth Elementalist began the quest
                  | for the Orb.
     0 | D:1      | Reached XP level 1. HP: 14/14 MP: 5/5
   433 | D:2      | Reached XP level 2. HP: 22/22 MP: 4/7
   458 | D:2      | Reached skill level 3 in Earth Magic
   549 | D:2      | Reached skill level 1 in Fighting
   615 | D:2      | Noticed Terence
   632 | D:2      | Mangled by Terence

Illustrated notes

Levels and vault maps discovered:
D:1:      sevenhm_arrival_forest_fort_small_4, layout_rooms
D:2:      layout_basic, grunt_ministairs_4,
          nicolae_concentric_dashed_squares_mild, wad_orctagon, uniq_terence

Skill      XL: |  1  2 |
---------------+-------+-----
Stealth        | 2 |  2.2
Earth Magic    | 3 |  3.0
Fighting       | 1 |  1.0
Dodging        | |  1.7
Spellcasting   | |  1.7
Transmutations | |  0.8

Action                     || total
---------------------------++-------
  Melee: Dagger            ||     9
   Cast: Sandblast         ||    26
    Use: Scroll            ||     1
   Stab: Sleeping          ||     2
 Armour: Robe              ||     1
  Dodge: Dodged            ||    16

Table legend: (Time is in decaauts)
 A = Elapsed time spent in this place.
 B = Non-inter-level travel time spent in this place.
 C = Inter-level travel time spent in this place.
 D = Time resting spent in this place.
 E = Time spent auto-exploring this place.
 F = Levels seen in this place.
 G = Mean time per level.
                   A        B        C        D        E       F      G
               +--------+--------+--------+--------+--------+-----+--------+
         Total |    647 |    644 |      3 |      0 |    500 |   2 |  323.5 |
       Dungeon |    647 |    644 |      3 |      0 |    500 |   2 |  323.5 |
               +--------+--------+--------+--------+--------+-----+--------+

Top non-repeatable levels by time:
     D:1: 424 daAuts
     D:2: 222 daAuts
